 Dungeon Crawl Stone Soup version 0.29-a0-732-g3d7fbe0af2 (webtiles) character file.

Game seed: 17207842511790851088

53 elite277 the Grave Robber (level 4, 0/30 HPs)
             Began as a Human Necromancer on June 29, 2022.
             Succumbed to an adder's poison
             ... on level 2 of the Dungeon.
             The game lasted 00:06:55 (1414 turns).

elite277 the Grave Robber (Human Necromancer)       Turns: 1414, Time: 00:06:55

Health: 0/30       AC:  3    Str:  8    XL:     4   Next: 11%
Magic:  7/7        EV: 11    Int: 17    God:
Gold:   89         SH:  0    Dex: 14    Spells: 4/8 levels left

rFire   . . .      SeeInvis .   n - +2 long sword (drain)
rCold   . . .      Faith    .   (no shield)
rNeg    . . .      Spirit   .   k - +0 leather armour
rPois   .          Reflect  .   (no helmet)
rElec   .          Harm     .   (no cloak)
rCorr   .          Rampage  .   (no gloves)
Will    .....                   (no boots)
Stlth   ++........              (no amulet)
HPRegen 0.10/turn               (no ring)
MPRegen 0.10/turn               (no ring)

@: lethally poisoned (0 -> -3)
A: no striking features
a: no special abilities


You were on level 2 of the Dungeon.
You visited 1 branch of the dungeon, and saw 2 of its levels.

You collected 89 gold pieces.

Inventory:

Hand Weapons
 d - a +0 mace of protection
 e - a +0 whip
 f - a +3 dagger
 n - a +2 long sword of draining (weapon)
 p - a +1 dagger of venom
Missiles
 j - 3 poisoned darts
Armour
 a - a +0 robe
 c - a +0 ring mail
 k - a +0 leather armour (worn)
Scrolls
 g - 2 scrolls of identify {unknown}
 i - a scroll of brand weapon {unknown}
 l - a scroll of noise {unknown}
 o - 2 scrolls of immolation {unknown}
Potions
 b - 2 potions of magic
 h - a potion of might {unknown}
 m - a potion of berserk rage {unknown}


   Skills:
 + Level 0.3(0.4) Short Blades
 + Level 0.2(0.3) Long Blades
 + Level 0.1 Throwing
 + Level 1.0 Armour
 + Level 2.0 Dodging
 + Level 2.2 Stealth
 + Level 2.6 Spellcasting
 + Level 4.5 Necromancy


You had 4 spell levels left.
You knew the following spells:

 Your Spells              Type           Power      Damage    Failure   Level
a - Necrotize             Necr           68%        1d7       4%          1
b - Vampiric Draining     Necr           17%        2d7       12%         3

Your spell library contained the following spells:

 Spells                   Type           Power      Damage    Failure   Level
 Apportation              Tloc           4%         N/A       26%         1
 Summon Small Mammal      Summ           8%         N/A       26%         1
 Animate Dead             Necr           17%        N/A       36%         4
 Agony                    Necr           17%        N/A       73%         5


Dungeon Overview and Level Annotations

Branches:
Dungeon (2/15)

Altars:


Message History

Okay, then.
It was a potion of curing.
You feel better.
The orc hits you with a +0 mace of protection.
Okay, then.
You barely miss the orc. The orc barely misses you.
You barely miss the orc.
The orc hits you with a +0 mace of protection.
You closely miss the orc.
The orc hits you with a +0 mace of protection.
* * * LOW HITPOINT WARNING * * *
The orc hits you with a +0 mace of protection.
* * * LOW HITPOINT WARNING * * *
You slash the orc!
You kill the orc!
You hit the endoplasm. You drain the endoplasm.
You kill the endoplasm!
Your Armour skill increases to level 1!
You see here a +0 mace of protection.
d - a +0 mace of protection Unknown command.
An adder comes into view.
The adder hisses angrily.
The adder closely misses you. The adder bites you. The adder bites you.
The adder barely misses you. The adder bites you.
You are poisoned.
The adder poisons you!
You feel sick. The adder barely misses you.
You feel sick. The adder closely misses you.
You feel sick. The adder bites you.
* * * LOW HITPOINT WARNING * * *
The adder barely misses you.
You feel sick. The adder bites you.
* * * LOW HITPOINT WARNING * * *
You are lethally poisoned!
The adder poisons you!
* * * LOW HITPOINT WARNING * * *
You feel sick. The adder bites you but does no damage.
You die...

.....#######..#
#....†.##....#
#...........##
......>......##
..............#
..............#####
...............(..# #
..................#.#
...............)@...#
...............#S##.....
..............##..# .#.#
...#..........###..# .
#..#..##....#.# ##...
......##..g.... .....
##.#........... #.....#
#......#<...##.# ..##..
#........... .# #.. .


You could see an adder and a goblin (wandering).

Vanquished Creatures
  3 dart slugs (D:1)
  An orc (D:2)
  A bat (D:2)
  5 endoplasms
  2 giant cockroaches (D:1)
  7 goblins
  5 hobgoblins
  A quokka (D:1)
  6 ball pythons
  4 frilled lizards (D:1)
  3 kobolds (D:1)
  3 rats
41 creatures vanquished.

Vanquished Creatures (collateral kills)
  A kobold (D:1)
1 creature vanquished.

Vanquished Creatures (others)
  A withered plant (D:1)
1 creature vanquished.

Grand Total: 43 creatures vanquished

Notes
Turn   | Place    | Note
-------+----------+-------------------------------------------
     0 | D:1      | elite277 the Human Necromancer began the quest for the Orb.
     0 | D:1      | Reached XP level 1. HP: 13/13 MP: 3/3
   157 | D:1      | Reached XP level 2. HP: 19/19 MP: 3/5
   366 | D:1      | Found a faded altar of an unknown god.
   473 | D:1      | Reached XP level 3. HP: 24/24 MP: 4/6
  1054 | D:2      | Learned a level 3 spell: Vampiric Draining
  1349 | D:2      | Reached XP level 4. HP: 11/30 MP: 0/7
  1357 | D:2      | Reached skill level 1 in Armour
  1413 | D:2      | HP: 1/30 [poisoned by an adder]
  1414 | D:2      | Succumbed to an adder's poison

Illustrated notes

Levels and vault maps discovered:
D:1:      dpeg_arrival_lava_temple_mockup, layout_loops_ring,
          shapermc_ecumenical_altar_flowoftime, minmay_tiny_reverse_x
D:2:      layout_rooms, serial_corexii_hall, corexii_hall_statues_s,
          corexii_hall_statues_u

Skill      XL: |  1  2  3  4 |
---------------+-------------+-----
Armour         | 1 |  1.0
Short Blades   | |  0.3
Long Blades    | |  0.2
Throwing       | |  0.1
Dodging        | |  2.0
Stealth        | |  2.2
Spellcasting   | |  2.6
Necromancy     | |  4.5

Action                   |  1- 3 |  4- 6 || total
-------------------------+-------+-------++-------
Melee: Whip              |     3 |       ||     3
       Dagger            |    60 |       ||    60
       Long sword        |    13 |     6 ||    19
       Punch             |     2 |       ||     2
Throw: Dart              |     4 |       ||     4
 Cast: Necrotize         |    19 |       ||    19
       Vampiric Draining |     3 |       ||     3
  Use: Potion            |       |     1 ||     1
 Stab: Sleeping          |     1 |       ||     1
Armor: Ring mail         |    11 |       ||    11
       Leather armour    |    11 |     1 ||    12
Dodge: Dodged            |    48 |     6 ||    54

Table legend: (Time is in decaauts)
 A = Elapsed time spent in this place.
 B = Non-inter-level travel time spent in this place.
 C = Inter-level travel time spent in this place.
 D = Time resting spent in this place.
 E = Time spent auto-exploring this place.
 F = Levels seen in this place.
 G = Mean time per level.
                   A        B        C        D        E       F      G
               +--------+--------+--------+--------+--------+-----+--------+
         Total |   1420 |   1412 |      8 |      0 |    664 |   2 |  710.0 |
       Dungeon |   1420 |   1412 |      8 |      0 |    664 |   2 |  710.0 |
               +--------+--------+--------+--------+--------+-----+--------+

Top non-repeatable levels by time:
     D:1: 1038 daAuts
     D:2: 381 daAuts
